 Dungeon Crawl Stone Soup version 0.29-a0-409-gd843f3a48c (webtiles) character file.

Game seed: 10578228435618397644

42 holysushi the Insei (level 3, -1/28 HPs)
             Began as a Djinni Transmuter on May 14, 2022.
             Slain by Terence
             ... wielding a +0 short sword
              (6 damage)
             ... on level 2 of the Dungeon.
             The game lasted 00:01:32 (2594 turns).

holysushi the Insei (Djinni Transmuter)             Turns: 2594, Time: 00:01:33

Health: -1/28      AC:  2    Str:  9    XL:     3   Next: 80%
Gold:   81         EV: 13    Int: 14    God:
                   SH:  0    Dex: 15

rFire   + + .      SeeInvis .     - Unarmed
rCold   x . .      Faith    .   (no shield)
rNeg    . . .      Spirit   .   a - +0 robe
rPois   ∞          Reflect  .   (no helmet)
rElec   .          Harm     .   (no cloak)
rCorr   .          Rampage  .   (no gloves)
Will    .....                   (boots unavailable)
Stlth   +.........              (no amulet)
HPRegen 0.09/turn               (no ring)
MPRegen 0.00/turn               (no ring)

@: flying
A: sickness immunity, fire resistance 2, cold vulnerability 1, float, innate
caster, HP casting, extra vitality 1
a: no special abilities


You were on level 2 of the Dungeon.
You visited 1 branch of the dungeon, and saw 3 of its levels.

You collected 81 gold pieces.

Inventory:

Armour
 a - a +0 robe (worn)
Scrolls
 c - a scroll of fog {unknown}
 e - 2 scrolls of vulnerability {unknown}
 g - 4 scrolls of identify {unknown}
 j - a scroll of amnesia {unknown}
 k - 2 scrolls of noise {unknown}
 l - a scroll of enchant weapon {unknown}
Potions
 b - a potion of lignification
 d - a potion of heal wounds {unknown}
 f - a potion of magic {unknown}
 h - a potion of cancellation {unknown}
 i - a potion of flight {unknown}


   Skills:
 + Level 1.8 Fighting
 + Level 2.8 Dodging
 * Level 3.8 Unarmed Combat
 - Level 1.5 Spellcasting


You couldn't memorise any spells.
You knew the following spells:

 Your Spells              Type           Power      Damage    Failure   Level
a - Beastly Appendage     Tmut           10%        N/A       13%         1
b - Wereblood             Tmut           5%         N/A       21%         2
c - Spider Form           Tmut/Pois      5%         N/A       36%         3
d - Ice Form              Ice/Tmut       5%         N/A       78%         4
e - Freeze                Ice            20%        1d4       13%         1
Your spell library was empty.

Dungeon Overview and Level Annotations

Branches:
Dungeon (3/15)

Altars:

Annotations:
D:2 Terence


Innate Abilities, Weirdness & Mutations

You are immune to sickness and miasma.
You are immune to poison.
Your flesh is very heat resistant. (rF++)
You are vulnerable to cold. (rC-)
You float through the air rather than walking.
You learn spells naturally, not from books.
Your magical power is your life essence.
You have superior vitality. (+4 MHP)


Message History

You barely miss something.
Your transformation is almost over.
Something hits you.
You hit something. Your headbutt misses something. Something hits you.
You hit something. You headbutt something.
You hear some strange, mumbled words.
A magic dart appears from out of thin air!
The magic dart hits you.
You closely miss something. Something hits you.
* * * LOW HITPOINT WARNING * * *
You hit something but do no damage. Something hits you.
* * * LOW HITPOINT WARNING * * *
You barely miss something.
You hear some strange, mumbled words.
Something tries to affect you, but you resist.
You miss something.
You hear some strange, mumbled words.
A puff of flame appears from out of thin air!
The puff of flame misses you.
You closely miss something. Your headbutt misses something.
You hear some strange, mumbled words.
A puff of flame appears from out of thin air!
The puff of flame misses you.
You miss something. Something hits you.
* * * LOW HITPOINT WARNING * * *
You hit something.
Reactivating autopickup.
You feel a bit more experienced.
Your horns disappear.
You have reached level 3!
Your experience leads to an increase in your attributes!
Increase (S)trength, (I)ntelligence, or (D)exterity?
You feel agile. x2
The power to cast Freeze wells up from within.
Spell assigned to 'e'.
There is a stone staircase leading up here.
You fly upwards.
Level annotation: Terence Terence hits you with a +0 short sword.
You die...

.....##....@.........##...#.###.#
##..######.####.###.###..##.....[
....# ##...###.# #.# #..########
##.#####.....##.# #.# #..# #
#...........##.# #.# #..# #
#.#.#.#......#.###.# #..# #
#.#.#.##........##.###..# #
#.#.#...................#### #
#.#.###<.......@#######....# ##
##.#.###.##...#@###########.####.
.........###.##........ #...<..
...#.#######.#########. ######.
####.........# ... ###########
####


You could see Terence.

Vanquished Creatures
  An orc wizard (D:3)
  2 bats (D:2)
  3 endoplasms (D:1)
  A giant cockroach (D:1)
  A goblin (D:1)
  A hobgoblin (D:1)
  2 kobolds (D:1)
  2 quokkas (D:1)
  3 ball pythons
16 creatures vanquished.

Notes
Turn   | Place    | Note
-------+----------+-------------------------------------------
     0 | D:1      | holysushi the Djinni Transmuter began the quest for the
                  | Orb.
     0 | D:1      | Reached XP level 1. HP: 17/17 MP: 0/0
   223 | D:1      | Reached XP level 2. HP: 1/22 MP: 0/0
  2172 | D:2      | Noticed Terence
  2582 | D:3      | Reached XP level 3. HP: 4/28 MP: 0/0
  2582 | D:3      | Learned a level 1 spell: Freeze
  2594 | D:2      | Slain by Terence

Illustrated notes

Levels and vault maps discovered:
D:1:      shiori_shiawase, layout_basic
D:2:      layout_loops_ring, uniq_terence
D:3:      layout_basic, mainiacjoe_overflow_concentric_impassable,
          mainiacjoe_overflow_alcove_2, st_stairs_14, kennysheep_generic_room_8

Action                   || total
-------------------------++-------
Melee: Unarmed           ||    65
       Punch             ||     2
       Headbutt          ||     4
 Cast: Beastly Appendage ||     9
 Stab: Sleeping          ||     2
Armor: Robe              ||    13
Dodge: Dodged            ||    28

Table legend: (Time is in decaauts)
 A = Elapsed time spent in this place.
 B = Non-inter-level travel time spent in this place.
 C = Inter-level travel time spent in this place.
 D = Time resting spent in this place.
 E = Time spent auto-exploring this place.
 F = Levels seen in this place.
 G = Mean time per level.
                   A        B        C        D        E       F      G
               +--------+--------+--------+--------+--------+-----+--------+
         Total |   2590 |   2468 |    122 |    887 |   1296 |   3 |  863.3 |
       Dungeon |   2590 |   2468 |    122 |    887 |   1296 |   3 |  863.3 |
               +--------+--------+--------+--------+--------+-----+--------+

Top non-repeatable levels by time:
     D:1: 1838 daAuts
     D:2: 692 daAuts
     D:3: 58 daAuts
